 Dungeon Crawl Stone Soup version 0.31-a0-150-g89dc3ad700 (webtiles) character file.

Game seed: 9861038148555093274

42 qw the Shooter (level 3, -2/22 HPs)
             Began as a Gargoyle Hunter on June 8, 2023.
             Slain by Terence
             ... wielding a +0 falchion
              (4 damage)
             ... on level 2 of the Dungeon.
             The game lasted 00:00:22 (996 turns).

qw the Shooter (Gargoyle Hunter)                     Turns: 996, Time: 00:00:23

Health: -2/22      AC:  6    Str: 14    XL:     3   Next: 54%
Magic:  3/3        EV: 11    Int:  9    God:
Gold:   141        SH:  0    Dex: 15    Spells: 2/2 levels left

rFire   . . .        Y - +0 shortbow
rCold   . . .        (shield currently unavailable)
rNeg    + . .        c - +0 leather armour
rPois   inf          (no helmet)
rElec   +            (no cloak)
rCorr   .            (no gloves)
SInv    .            (no boots)
Will    .....        (no amulet)
Stlth   ++           (no ring)
HPRegen 0.23/turn    (no ring)
MPRegen 0.08/turn

%: no passive effects
@: no status effects
A: sickness immunity, AC +3, negative energy resistance 1, electricity
resistance, torment resistance 1, petrification resistance
a: no special abilities


You were on level 2 of the Dungeon.
You visited 1 branch of the dungeon, and saw 2 of its levels.

You collected 141 gold pieces.


Innate Abilities, Weirdness & Mutations

You are immune to sickness and miasma.
Your stone body is resilient. (AC +3)
You are immune to poison.
You resist negative energy. (rN+)
You are resistant to electric shocks. (rElec)
You are resistant to unholy torment.
You are immune to petrification.


   Skills:
 + Level 2.5 Fighting
 - Level 5.0 Ranged Weapons
 - Level 1.5 Dodging
 - Level 1.1 Stealth


You had 2 spell levels left.
You didn't know any spells.
Your spell library was empty.

Inventory:

Hand Weapons
 Y - a +0 shortbow (weapon)
Armour
 c - a +0 leather armour (worn)
Scrolls
 b - a scroll of identify
 e - a scroll of fog {unknown}
Potions
 a - a potion of might {unknown}
 d - a potion of mutation {unknown}

Dungeon Overview and Level Annotations

Branches:
Dungeon (2/15)

Altars:
Ashenzari

Annotations:
D:2 Terence


Message History

Terence is moderately wounded.
Terence barely misses you.
You shoot an arrow. The arrow barely misses Terence.
Terence barely misses you.
You shoot an arrow. The arrow completely misses Terence.
Terence hits you with a +0 falchion.
You shoot an arrow. The arrow barely misses Terence.
Terence hits you with a +0 falchion. Terence barely misses you.
You shoot an arrow. The arrow hits Terence.
Terence is moderately wounded.
Terence hits you with a +0 falchion.
You shoot an arrow. The arrow barely misses Terence.
Terence hits you with a +0 falchion.
You shoot an arrow. The arrow hits Terence.
Terence is severely wounded.
Terence drinks a potion.
Terence is healed!
You shoot an arrow. The arrow hits Terence.
Terence is lightly wounded.
Terence barely misses you.
You shoot an arrow. The arrow hits Terence.
Terence is moderately wounded.
Terence hits you with a +0 falchion. Terence hits you but does no damage.
You shoot an arrow. The arrow hits Terence.
Terence is moderately wounded.
Terence misses you.
You shoot an arrow. The arrow barely misses Terence.
Terence misses you.
You shoot an arrow. The arrow barely misses Terence.
Terence hits you with a +0 falchion.
You shoot an arrow.
The arrow hits Terence but does no damage.
Terence is moderately wounded.
Terence closely misses you.
You shoot an arrow. The arrow barely misses Terence.
Terence misses you.
You shoot an arrow.
The arrow hits Terence but does no damage.
Terence is moderately wounded.
Terence closely misses you. Terence hits you with a +0 falchion.
You die...

#.#
###.###..######.##
#...............#
##.###.#######.#
#.#######.
#.........
#.#######. #.#
###.# #@..# #@.###
#..## ...# ...##
#.. ##


You could see Terence.

Vanquished Creatures
  An adder (D:2)
  A dart slug (D:1)
  3 endoplasms
  4 giant cockroaches
  2 hobgoblins
  2 kobolds (D:1)
  4 quokkas
  2 ball pythons (D:1)
  2 bats (D:1)
  A frilled lizard (D:1)
  4 goblins
  3 rats
29 creatures vanquished.

Notes
Turn   | Place    | Note
-------+----------+-------------------------------------------
     0 | D:1      | qw the Gargoyle Hunter began the quest for the Orb.
     0 | D:1      | Reached XP level 1. HP: 12/12 MP: 1/1
     0 | D:1      | 0 ||| qw: Version: 0.2-a-119-g7aa9181
     0 | D:1      | 0 ||| qw: Game counter: 2828
     0 | D:1      | 0 ||| qw: Always use a shield: true
     0 | D:1      | 0 ||| qw: God list: Okawaru
     0 | D:1      | 0 ||| qw: Allow faded altars: false
     0 | D:1      | 0 ||| qw: Do Orc after D:15 true
     0 | D:1      | 0 ||| qw: Do second Lair branch before Depths: true
     0 | D:1      | 0 ||| qw: Lair rune preference: random
     0 | D:1      | 0 ||| qw: Plans: Normal
     0 | D:1      | 0 ||| PLANNING D:1-11
    49 | D:1      | Reached XP level 2. HP: 17/17 MP: 2/2
   585 | D:1      | 585 ||| READING scroll labelled JOORURI KETACO.
   586 | D:1      | 586 ||| DROPPING scroll of butterflies.
   637 | D:2      | Reached skill level 5 in Ranged Weapons
   637 | D:2      | Reached XP level 3. HP: 12/21 MP: 3/3
   769 | D:2      | Found a broken altar of Ashenzari.
   974 | D:2      | Noticed Terence
   987 | D:2      | HP: 5/22 [Terence/+0 falchion (2)]
   993 | D:2      | HP: 2/22 [Terence/+0 falchion (4)]
   996 | D:2      | Slain by Terence

Levels and vault maps discovered:
D:1:      dpeg_arrival_orchard, layout_basic
D:2:      layout_basic, basic_altar, hangedman_glass_teeth, nicolae_the_louvre,
          uniq_terence, uniq_jessica

Skill      XL: |  1  2 |
---------------+-------+-----
Ranged Weapons | 5 |  5.0
Fighting       | |  2.5
Dodging        | |  1.5
Stealth        | |  1.1

Action                     || total
---------------------------++-------
   Fire: Shortbow          ||   103
    Use: Scroll            ||     1
 Armour: Leather armour    ||    16
  Dodge: Dodged            ||    27

Table legend:
 A = Non-vault XP
 B = Vault XP
 C = Vault XP percentage of total XP
 D = Non-vault monster count
 E = Vault monster count
 F = Vault count percentage of total count
                 A         B        C        D         E       F
            +---------+---------+-------+---------+---------+-------
      Total |      60 |       0 |   0.0 |      29 |       0 |   0.0
            +---------+---------+-------+---------+---------+-------
        D:1 |      29 |       0 |   0.0 |      18 |       0 |   0.0
        D:2 |      31 |       0 |   0.0 |      11 |       0 |   0.0
            +---------+---------+-------+---------+---------+-------
